 Dungeon Crawl Stone Soup version 0.28-a0-8-g6e044cfa68 (webtiles) character file.

Game seed: 9331012732067792043

11 Sin92 the Skirmisher (level 2, 0/24 HPs)
             Began as a Demonspawn Fighter on July 24, 2021.
             Slain by a quokka (1 damage)
             ... on level 1 of the Dungeon.
             The game lasted 00:00:19 (45 turns).

Sin92 the Skirmisher (Demonspawn Fighter)             Turns: 45, Time: 00:00:19

Health: 0/24       AC:  8    Str: 16    XL:     2   Next: 13%
Magic:  2/2        EV:  7    Int:  9    God:
Gold:   0          SH:  8    Dex: 12    Spells: 1/1 levels left

rFire   . . .      SeeInvis .   a - +0 war axe
rCold   . . .      Faith    .   c - +0 kite shield
rNeg    . . .      Spirit   .   b - +0 scale mail
rPois   .          Reflect  .   (no helmet)
rElec   .          Harm     .   (no cloak)
rCorr   .          Rampage  .   (no gloves)
Will    .....                   (no boots)
Stlth   ..........              (no amulet)
HPRegen 0.08/turn               (no ring)
MPRegen 0.08/turn               (no ring)

@: no status effects
A: yellow scales 1
a: no special abilities


You were on level 1 of the Dungeon.
You visited 1 branch of the dungeon, and saw 1 of its levels.

Inventory:

Hand Weapons
 a - a +0 war axe (weapon)
Armour
 b - a +0 scale mail (worn)
 c - a +0 kite shield (worn)
Potions
 d - a potion of might


   Skills:
 + Level 3.1 Fighting
 * Level 2.1 Axes
 + Level 2.8 Armour
 + Level 0.3 Dodging
 + Level 2.8 Shields


You had one spell level left.
You didn't know any spells.
Your spell library was empty.

Dungeon Overview and Level Annotations

Branches:
Dungeon (1/15)

Altars:


Innate Abilities, Weirdness & Mutations

You are partially covered in yellow scales. (AC +2)


Message History

The quokka bites you.
* * * LOW HITPOINT WARNING * * *
Unknown command.
You closely miss the quokka. You block the quokka's attack. x2
Unknown command.
You barely miss the quokka. The quokka completely misses you.
You block the quokka's attack.
Unknown command.
You closely miss the quokka. You block the quokka's attack.
The quokka closely misses you.
Unknown command.
You barely miss the quokka. The quokka bites you.
* * * LOW HITPOINT WARNING * * *
The quokka barely misses you.
Unknown command.
You closely miss the quokka. You block the quokka's attack.
The quokka bites you.
* * * LOW HITPOINT WARNING * * *
Unknown command.
You barely miss the quokka. You block the quokka's attack.
The quokka bites you.
* * * LOW HITPOINT WARNING * * *
Unknown command.
Your scale mail prevents you from hitting the quokka.
The quokka barely misses you.
The quokka bites you but does no damage.
You barely miss the quokka.
The quokka bites you but does no damage.
The quokka barely misses you.
You closely miss the quokka. You block the quokka's attack.
The quokka bites you but does no damage.
Unknown command.
Okay, then.
You barely miss the quokka.
The quokka bites you but does no damage.
The quokka barely misses you.
Your shield and scale mail prevent you from hitting the quokka.
The quokka closely misses you. You block the quokka's attack.
You miss the quokka. The quokka bites you.
You die...

###........###
##.............
#...............
##......#.......#
#........#.....#....
........†#.....#....
#........#...#.....
#..#.)...#...#.....
#...##@=..#.#....#
#....r##.......# .
.........#.....#....
............<.......
.........#.....#....
.......##.......##..
.....##....#.#....
....#.....#...#.....
..... ...#.....


You could see a quokka.

Vanquished Creatures
  A ball python (D:1)
  An endoplasm (D:1)
  2 hobgoblins (D:1)
  3 jackals (D:1)
  A frilled lizard (D:1)
  A kobold (D:1)
9 creatures vanquished.

Notes
Turn   | Place    | Note
-------+----------+-------------------------------------------
     0 | D:1      | Sin92 the Demonspawn Fighter began the quest for the Orb.
     0 | D:1      | Reached XP level 1. HP: 18/18 MP: 1/1
    26 | D:1      | Gained mutation: You are partially covered in yellow
                  | scales. (AC +2) [demonic ancestry]
    26 | D:1      | Reached XP level 2. HP: 12/24 MP: 2/2
    38 | D:1      | HP: 1/24 [quokka (2)]
    45 | D:1      | Slain by a quokka

Illustrated notes

Levels and vault maps discovered:
D:1:      minmay_arrival_radiant_lines, layout_rooms,
          ebering_ecumenical_altar_ruins, minmay_pentomino_v4

Skill      XL: |  1 |
---------------+----+-----
Axes           | 2 |  2.1
Fighting       | |  3.1
Armour         | |  2.8
Dodging        | |  0.3
Shields        | |  2.8

Action                   || total
-------------------------++-------
Melee: War axe           ||    36
Armor: Scale mail        ||    22
Dodge: Dodged            ||    15
Block: Kite shield       ||    15

Table legend: (Time is in decaauts)
 A = Elapsed time spent in this place.
 B = Non-inter-level travel time spent in this place.
 C = Inter-level travel time spent in this place.
 D = Time resting spent in this place.
 E = Time spent auto-exploring this place.
 F = Levels seen in this place.
 G = Mean time per level.
                   A        B        C        D        E       F      G
               +--------+--------+--------+--------+--------+-----+--------+
         Total |     67 |     67 |      0 |      0 |      3 |   1 |   67.0 |
       Dungeon |     67 |     67 |      0 |      0 |      3 |   1 |   67.0 |
               +--------+--------+--------+--------+--------+-----+--------+

Top non-repeatable levels by time:
     D:1: 67 daAuts
